 Dungeon Crawl Stone Soup version 0.27-a0-1065-ge809cff456 (webtiles) character file.

Game seed: 5768130989279365216

3 BritishOli the Skirmisher (level 1, 0/18 HPs)
             Began as a Demonspawn Monk on Apr 22, 2021.
             Slain by a jackal (1 damage)
             ... on level 1 of the Dungeon.
             The game lasted 00:00:24 (75 turns).

BritishOli the Skirmisher (Demonspawn Monk)           Turns: 75, Time: 00:00:25

Health: 0/18       AC:  2    Str: 11    XL:     1   Next: 41%
Magic:  1/1        EV: 13    Int: 11    God:
Gold:   6          SH:  0    Dex: 15    Spells: 0/0 levels left

rFire    . . .     SeeInvis .   a - +0 falchion
rCold    . . .     Faith    .   (no shield)
rNeg     . . .     Spirit   .   b - +0 robe
rPois    .         Reflect  .   (no helmet)
rElec    .         Harm     .   (no cloak)
rCorr    .         Rampage  .   (no gloves)
Will     .....                  (no boots)
Stlth    ++........             (no amulet)
HPRegen  0.06/turn              (no ring)
MPRegen  0.07/turn              (no ring)

@: no status effects
A: no striking features
a: no special abilities


You were on level 1 of the Dungeon.
You visited 1 branch of the dungeon, and saw 1 of its levels.

You collected 6 gold pieces.

Inventory:

Hand Weapons
 a - a +0 falchion (weapon)
Armour
 b - a +0 robe (worn)
Scrolls
 c - a scroll of identify {unknown}


   Skills:
 + Level 3.0 Fighting
 + Level 2.7 Long Blades
 + Level 0.1 Armour
 + Level 2.7 Dodging
 + Level 1.8 Stealth


You couldn't memorise any spells.
You didn't know any spells.
Your spell library was empty.

Dungeon Overview and Level Annotations

Branches:
Dungeon (1/15)

Altars:


Message History

You are too injured to fight recklessly!
You are too injured to fight recklessly!
You are too injured to fight recklessly!
You are too injured to fight recklessly!
You are too injured to fight recklessly!
You are too injured to fight recklessly!
You hit the jackal.
The jackal is severely wounded.
The jackal bites you.
The jackal bites you but does no damage.
You barely miss the jackal.
The jackal is heavily wounded.
The jackal bites you.
* * * LOW HITPOINT WARNING * * *
You closely miss the jackal.
The jackal is heavily wounded.
The jackal closely misses you. The jackal bites you.
* * * LOW HITPOINT WARNING * * *
You hit the jackal but do no damage.
The jackal is heavily wounded.
The jackal bites you but does no damage.
The jackal misses you.
You riposte.
You hit the jackal.
The jackal is almost dead.
You hit the jackal.
You kill the jackal!
You closely miss the jackal.
The jackal bites you but does no damage.
The jackal bites you.
* * * LOW HITPOINT WARNING * * *
You hit the jackal.
The jackal is almost dead.
The jackal completely misses you.
You riposte.
You closely miss the jackal.
The jackal is almost dead.
You hit the jackal but do no damage.
The jackal is almost dead.
The jackal barely misses you. x2
You hit the jackal.
You kill the jackal!
The jackal bites you.
You die...

##### #..)########
####..........# ##.
....>..........#
.....####.#.#.###)..####
#..hh@.............)..
#.#####.#.#.##.##.....
##[..###..##...# ##.##
##.#....# #.# #...#..#
#.# ##.##..# #.# #..##.#
#.# #.....# #.# #..####


You could see 2 jackals.

Vanquished Creatures
  A ball python (D:1)
  2 jackals (D:1)
  A rat (D:1)
4 creatures vanquished.

Notes
Turn   | Place    | Note
-------+----------+-------------------------------------------
     0 | D:1      | BritishOli the Demonspawn Monk began the quest for the Orb.
     0 | D:1      | Reached XP level 1. HP: 18/18 MP: 1/1
    75 | D:1      | Slain by a jackal

Illustrated notes

Levels and vault maps discovered:
D:1:      minmay_arrival_solitary_statue, layout_loops_ring, minmay_pentomino_r2

Action                   || total
-------------------------++-------
Melee: Falchion          ||    18
 Stab: Sleeping          ||     1
Armor: Robe              ||     4
Dodge: Dodged            ||     9
       Rpst.: Falchion   ||     3

Table legend: (Time is in decaauts)
 A = Elapsed time spent in this place.
 B = Non-inter-level travel time spent in this place.
 C = Inter-level travel time spent in this place.
 D = Time resting spent in this place.
 E = Time spent auto-exploring this place.
 F = Levels seen in this place.
 G = Mean time per level.
                   A        B        C        D        E       F      G
               +--------+--------+--------+--------+--------+-----+--------+
         Total |     78 |     78 |      0 |      0 |     52 |   1 |   78.0 |
       Dungeon |     78 |     78 |      0 |      0 |     52 |   1 |   78.0 |
               +--------+--------+--------+--------+--------+-----+--------+

Top non-repeatable levels by time:
     D:1: 78 daAuts
